[Event "Titled Tuesday Blitz September 27 Early 2022"]
[White "Maltsevskaya, Aleksandra"]
[Black "Zong, Davis"]
[WhiteFideId "24174041"]
[BlackFideId "30903955"]
[WhiteElo "2243"]
[BlackElo "2061"]
[Result "1-0"]
[Round "04"]
[TimeControl "180+1"]
[Date "2022.09.27"]
[WhiteClock "0:00:57"]
[BlackClock "0:00:03"]

1. h3 d5 2. g4 e5 3. Bg2 h5 4. d3 hxg4 5. hxg4 Rxh1 6. Bxh1 Bxg4 7. Nc3 c6 8. Nf3 Nd7 9. e4 d4 10. Ne2 Qf6 11. Ng3 O-O-O 12. Bg2 Ne7 13. Bg5 Qg6 14. Qc1 f6 15. Bd2 f5 16. Nh4 Qh7 17. Nhxf5 Nxf5 18. exf5 Qh2 19. Kf1 e4 20. Bf4 Bh3 21. Bxh3 Qxh3+ 22. Kg1 e3 23. Qd1 exf2+ 24. Kxf2 Nf6 25. Qh1 Ng4+ 26. Ke2 Re8+ 27. Kd2 Qxh1 28. Rxh1 Bb4+ 29. c3 dxc3+ 30. bxc3 Ba5 31. Rh7 Rg8 32. Nh5 Nf6 33. Rxg7 Rxg7 34. Nxg7 Kd7 35. Be5 Bd8 36. Ne6 Be7 37. Nf4 Ng4 38. Ng6 Bg5+ 39. Ke2 Nh6 40. Kf3 Nxf5 41. Kg4 Bd2 42. Kxf5 1-0


[Site "https://www.chess.com"]

[Event "Titled Tuesday Blitz September 27 Early 2022"]
[White "Manukyan, Sargis A."]
[Black "Le, Tuan Minh"]
[WhiteFideId "13303970"]
[BlackFideId "12401153"]
[WhiteElo "2187"]
[BlackElo "2530"]
[Result "0-1"]
[Round "04"]
[TimeControl "180+1"]
[Date "2022.09.27"]
[WhiteClock "0:00:16"]
[BlackClock "0:00:10"]

1. d4 d5 2. c4 c6 3. Nc3 Nf6 4. e3 a6 5. Nf3 Bf5 6. Bd3 Bg6 7. O-O e6 8. Ne5 Nbd7 9. f4 Bxd3 10. Qxd3 Bb4 11. a3 Bxc3 12. bxc3 O-O 13. c5 Nxe5 14. fxe5 Ne4 15. Rb1 Rb8 16. c4 b6 17. cxd5 cxd5 18. cxb6 Rxb6 19. Bd2 Rxb1 20. Rxb1 f6 21. Bb4 Re8 22. exf6 Qxf6 23. Rf1 Qg5 24. Rf3 Rc8 25. h3 h5 26. Qxa6 Rc1+ 27. Kh2 Qg6 28. h4 Rc2 29. Qf1 Nf6 30. Rg3 Ng4+ 31. Kh3 Kh7 32. Qf3 Rf2 33. Qd1 Qf5 34. Rf3 Qe4 35. Rg3 Rb2 36. Qf3 Qg6 37. Bd6 Rb1 38. Rxg4 hxg4+ 39. Qxg4 Rb3 40. Qf3 Qf5+ 41. Kg3 Qg6+ 42. Kh3 Rb1 43. Kh2 Qf5 44. Qe2 Rb3 45. h5 Rc3 46. a4 Rc2 47. Qd1 Qe4 48. Qf1 Qxe3 49. Be5 Qe4 50. a5 Ra2 51. a6 Rb2 52. Kg1 Rb1 53. a7 Rxf1+ 54. Kxf1 Qb1+ 55. Kf2 Qa2+ 56. Kg3 Qxa7 57. Kh4 Qf7 58. Bxg7 Qxg7 59. g4 Qxd4 60. Kg5 Qe3+ 61. Kh4 Kh6 62. g5+ Qxg5+ 63. Kh3 Kxh5 0-1


[Site "https://www.chess.com"]

[Event "Titled Tuesday Blitz September 27 Early 2022"]
[White "Marin Ramirez, Gerardo"]
[Black "Pourkashiyan, Atousa"]
[WhiteFideId "3901068"]
[BlackFideId "12502014"]
[WhiteElo "1920"]
[BlackElo "2247"]
[Result "0-1"]
[Round "04"]
[TimeControl "180+1"]
[Date "2022.09.27"]
[WhiteClock "0:00:01"]
[BlackClock "0:00:26"]

1. d4 Nf6 2. Nf3 e6 3. c4 d5 4. Nc3 Be7 5. Bg5 O-O 6. e3 Nbd7 7. Qc2 c6 8. Bd3 h6 9. Bf4 dxc4 10. Bxc4 b5 11. Be2 Bb7 12. O-O a6 13. Rfd1 Qb6 14. a3 c5 15. Bg3 Rac8 16. Rac1 cxd4 17. Nxd4 Nd5 18. Nxd5 exd5 19. Qf5 Nf6 0-1


[Site "https://www.chess.com"]

[Event "Titled Tuesday Blitz September 27 Early 2022"]
[White "Martin Carmona, Gaston Manuel"]
[Black "Buscar, Michael"]
[WhiteFideId "22284567"]
[BlackFideId "2603616"]
[WhiteElo "2162"]
[BlackElo "2010"]
[Result "0-1"]
[Round "04"]
[TimeControl "180+1"]
[Date "2022.09.27"]
[WhiteClock "0:00:03"]
[BlackClock "0:00:12"]

1. d4 d5 2. c4 e6 3. Nf3 Nf6 4. Nbd2 a6 5. e3 Be7 6. b3 O-O 7. Bb2 c5 8. dxc5 Bxc5 9. cxd5 exd5 10. Rc1 Bd6 11. Bd3 Nc6 12. O-O Bc7 13. Nd4 Bg4 14. Be2 Qd6 15. g3 Bh3 16. Re1 Rfe8 17. Bf1 Bg4 18. Be2 Bh3 19. Bf3 Ne5 20. Bg2 Bxg2 21. Kxg2 Nd3 22. Qc2 Nxe1+ 23. Rxe1 Rad8 24. Qd3 Ba5 25. Rd1 Ne4 26. N2f3 Rc8 27. Nf5 Qc6 28. Bxg7 Qc2 29. Qxc2 Rxc2 30. Rf1 Rxa2 31. Bd4 Bc3 32. Bxc3 Nxc3 33. N3d4 Ne4 34. h4 Kf8 35. g4 Rc8 36. g5 a5 37. h5 Nxg5 38. h6 Ne4 39. Ng3 a4 40. Nxe4 dxe4 41. bxa4 Rxa4 42. Rb1 Rc7 43. Rb5 Ra6 44. Nf5 Rg6+ 45. Kf1 b6 46. Rd5 Ke8 47. Re5+ Kd8 48. Rxe4 Rc5 49. Rf4 b5 50. e4 b4 51. Rf3 Rb6 52. Rd3+ Kc7 53. Ne3 Rc1+ 54. Ke2 Kb7 55. Nd5 Rb5 56. Rb3 Ra1 57. Rxb4 Rxb4 58. Nxb4 Ra4 59. Nd3 Rxe4+ 60. Kf3 Rh4 61. Ne5 Rxh6 62. Kg4 Rf6 63. f4 Kc7 64. Kg5 Ra6 65. Nxf7 Kd7 66. f5 Ke7 67. Nh6 Kf8 68. Ng4 Kg7 69. Ne5 Ra5 70. Ng4 Kf7 71. Nh6+ Kg7 72. Ng4 Ra1 73. f6+ Kf7 74. Ne5+ Ke6 75. Ng4 Rg1 76. Kh5 Kf7 77. Kg5 h6+ 78. Kf5 h5 79. Nh6+ Kf8 80. Ke6 h4 81. Nf5 h3 82. f7 Re1+ 83. Kf6 Rf1 84. Kg5 Rxf5+ 0-1


[Site "https://www.chess.com"]

[Event "Titled Tuesday Blitz September 27 Early 2022"]
[White "Martinez Alcantara, Jose Eduardo"]
[Black "Svane, Frederik"]
[WhiteFideId "3805662"]
[BlackFideId "12923044"]
[WhiteElo "2703"]
[BlackElo "2459"]
[Result "1-0"]
[Round "04"]
[TimeControl "180+1"]
[Date "2022.09.27"]
[WhiteClock "0:00:03"]
[BlackClock "0:00:03"]

1. e4 e6 2. d4 d5 3. exd5 exd5 4. Nf3 Nf6 5. h3 Bd6 6. Bd3 O-O 7. O-O c6 8. c4 dxc4 9. Bxc4 Nbd7 10. Nc3 Nb6 11. Bb3 h6 12. Ne5 Nbd5 13. Qf3 Be6 14. Bd2 Re8 15. Rad1 a5 16. Rfe1 Rc8 17. Na4 b5 18. Nc5 Bxc5 19. dxc5 a4 20. Bc2 Qe7 21. Rc1 Qc7 22. Qg3 Kf8 23. Bb1 Rcd8 24. Re2 Re7 25. Qh4 Bxh3 26. Rce1 Rde8 27. f4 Bg4 28. Rf2 Bc8 29. Rff1 Qa7 30. Qf2 Qc7 31. b3 axb3 32. axb3 Ng4 33. Qg3 Nxe5 34. fxe5 Rxe5 35. Ba5 Qe7 36. Kh2 Rxe1 37. Rxe1 Qf6 38. Be4 Qe5 39. Bd2 Qxg3+ 40. Kxg3 Be6 41. Ra1 Rd8 42. Bf3 Ne7 43. Bf4 Bd5 44. Bg4 Kg8 45. Ra7 Ng6 46. Bd6 Re8 47. b4 Re4 48. Bf3 Rd4 49. Bxd5 Rxd5 50. Ra6 Rd4 51. Rxc6 Rxb4 52. Rc7 Rc4 53. Rc8+ Kh7 54. c6 h5 55. c7 h4+ 56. Kh2 h3 57. Rb8 Rc2 58. c8=Q Rxc8 59. Rxc8 hxg2 60. Kxg2 Nh4+ 61. Kf2 Nf5 62. Bc5 g5 63. Rb8 g4 64. Rxb5 Kg6 65. Ba7 f6 66. Bb8 Ng7 67. Rb6 Kg5 68. Rb5+ f5 69. Bc7 Ne6 70. Bd6 Kf6 71. Ra5 Ng5 72. Bb8 Ne4+ 73. Ke3 Kg5 74. Bf4+ Kh4 75. Ra6 Ng3 76. Rh6+ Nh5 77. Rh8 g3 78. Bxg3+ 1-0


[Site "https://www.chess.com"]

[Event "Titled Tuesday Blitz September 27 Early 2022"]
[White "Matinian, Nikita"]
[Black "Sargissyan, Sargis"]
[WhiteFideId "24129100"]
[BlackFideId "13303210"]
[WhiteElo "2422"]
[BlackElo "2102"]
[Result "1-0"]
[Round "04"]
[TimeControl "180+1"]
[Date "2022.09.27"]
[WhiteClock "0:02:31"]
[BlackClock "0:01:53"]

1. e4 e5 2. Nf3 Nc6 3. Bb5 a6 4. Ba4 Nf6 5. O-O Be7 6. Re1 b5 7. Bb3 d6 8. a3 O-O 9. d3 Na5 10. Ba2 c5 11. Bg5 Nc6 12. Nc3 Be6 13. Bxf6 Bxf6 14. Nd5 Bg5 15. Nxg5 Qxg5 16. Nc7 Bh3 17. Qf3 Bg4 18. Qg3 Ra7 19. Nd5 Qh5 20. h3 Be6 21. Nf6+ 1-0


[Site "https://www.chess.com"]

[Event "Titled Tuesday Blitz September 27 Early 2022"]
[White "Mendez Fortes, Eduardo Jesus"]
[Black "De Souza, Cristiano Gomes"]
[WhiteFideId "3502376"]
[BlackFideId "2151758"]
[WhiteElo "2307"]
[BlackElo "2068"]
[Result "1-0"]
[Round "04"]
[TimeControl "180+1"]
[Date "2022.09.27"]
[WhiteClock "0:00:51"]
[BlackClock "0:00:16"]

1. e4 c5 2. Nf3 d6 3. d4 cxd4 4. Nxd4 Nf6 5. Nc3 a6 6. Bg5 e6 7. f4 Be7 8. Qf3 h6 9. Bh4 g5 10. fxg5 Nfd7 11. Nxe6 fxe6 12. Qh5+ Kf8 13. Bb5 Rh7 14. O-O+ Kg8 15. g6 Rg7 16. Rf7 Bxh4 17. Bxd7 Nxd7 18. e5 Nxe5 19. Raf1 Nxf7 20. gxf7+ Kf8 21. Qxh6 Qb6+ 22. Kh1 Bf2 23. Ne4 Kxf7 24. Rxf2+ Qxf2 25. Nxf2 Bd7 26. Qf4+ Ke7 27. Ne4 Rf7 28. Qxd6+ Ke8 29. Kg1 Rc8 30. c3 Rc6 31. Qe5 Ke7 32. h4 Rf5 33. Qg7+ Kd8 34. Nf6 Rd6 35. h5 Rd2 36. h6 Rff2 37. h7 Rxg2+ 38. Qxg2 Rxg2+ 39. Kxg2 Bc6+ 40. Kg3 1-0


[Site "https://www.chess.com"]

[Event "Titled Tuesday Blitz September 27 Early 2022"]
[White "Mickiewicz, Piotr"]
[Black "Itkis, Boris"]
[WhiteFideId "1114891"]
[BlackFideId "1209167"]
[WhiteElo "2246"]
[BlackElo "2207"]
[Result "0-1"]
[Round "04"]
[TimeControl "180+1"]
[Date "2022.09.27"]
[WhiteClock "0:00:01"]
[BlackClock "0:00:07"]

1. Nf3 Nf6 2. g3 d5 3. Bg2 c6 4. O-O Bf5 5. d3 Nbd7 6. Nbd2 Bg6 7. b3 e5 8. Bb2 Bd6 9. Nh4 O-O 10. Nxg6 hxg6 11. e4 Re8 12. Re1 Qa5 13. a3 Rac8 14. b4 Qc7 15. c4 d4 16. c5 Be7 17. Nc4 b5 18. cxb6 axb6 19. Rc1 c5 20. b5 Ra8 21. h4 Rf8 22. Bh3 Rab8 23. Rc2 Ne8 24. Bc1 Nd6 25. a4 Nxc4 26. Rxc4 Ra8 27. h5 gxh5 28. Qxh5 Nf6 29. Qe2 Ne8 30. f4 Nd6 31. Qc2 Nxc4 32. Qxc4 Ra7 33. Bg4 Rfa8 34. Bd1 Qd6 35. Bb3 Bf6 36. Kg2 Kf8 37. Kf3 Qe6 38. Qc2 Qh3 39. Rg1 Qh5+ 40. Kg2 Ke7 41. Rh1 Qg4 42. Qd1 Qxd1 43. Rxd1 Rxa4 44. Bxa4 Rxa4 45. fxe5 Bxe5 46. Bf4 Ke6 47. Rh1 Rb4 48. Rh5 f6 49. Bxe5 fxe5 50. Rg5 Rxb5 51. Rxg7 Rb2+ 52. Kf3 Rb3 53. Rg6+ Kd7 54. Kg4 Rxd3 55. Kf5 Rf3+ 56. Kxe5 d3 57. g4 Kc7 58. Rg7+ Kc6 59. Rg6+ Kb5 60. Rd6 c4 61. g5 c3 62. Rd5+ Kb4 63. Rd4+ Kb3 64. Rd6 c2 65. Rxb6+ Ka2 66. Rc6 Kb1 67. g6 Rg3 68. Rb6+ Kc1 69. Rc6 Kd1 70. Kf4 Rxg6 71. Rxg6 c1=Q+ 72. Kf5 Qc5+ 73. e5 d2 74. Rg2 Kc1 0-1


[Site "https://www.chess.com"]

[Event "Titled Tuesday Blitz September 27 Early 2022"]
[White "Mihailidis, Anastasios"]
[Black "Cnejev, Vladimir-Alexandru"]
[WhiteFideId "4205588"]
[BlackFideId "1260898"]
[WhiteElo "2312"]
[BlackElo "1983"]
[Result "0-1"]
[Round "04"]
[TimeControl "180+1"]
[Date "2022.09.27"]
[WhiteClock "0:00:01"]
[BlackClock "0:00:10"]

1. e4 e5 2. Nf3 Nc6 3. d4 exd4 4. Nxd4 Bc5 5. Nf5 d5 6. Nxg7+ Kf8 7. Nh5 Qh4 8. Ng3 Bg4 9. Qxd5 Rd8 10. Qxc5+ Nge7 11. Nc3 Nd4 12. Bd3 Rg8 13. Nd5 Nc6 14. Nxe7 Nxe7 15. Bd2 Rg6 16. Bb4 Rd7 17. Qe5 Kg8 18. Bc3 f6 19. Qf4 f5 20. Qe5 Kf8 21. Qh8+ Ng8 22. Bb4+ Ke8 23. Qe5+ Kd8 24. f3 fxe4 25. Bxe4 Re6 26. Qg7 Rxg7 27. O-O-O+ Rd7 28. fxg4 Qg5+ 29. Kb1 Nh6 30. h3 Rxd1+ 31. Rxd1+ Ke8 32. Bd3 Qf4 33. Nf5 Nxf5 34. gxf5 Re5 35. Bc3 Re7 36. f6 Re6 37. Bxh7 Rxf6 38. Bxf6 Qxf6 39. Re1+ Kf7 40. Bd3 Qg5 41. Rf1+ Ke7 42. g4 Qh4 43. Rh1 Qg3 44. Bf5 Qh4 45. Rd1 Kf6 46. a3 Qxh3 47. g5+ Kxf5 48. Rd7 Qh1+ 49. Ka2 Qc6 50. Rg7 Qd5+ 51. b3 Qc5 52. Kb1 Qg1+ 53. Ka2 Qc5 54. Kb1 Qc3 55. Rf7+ Kxg5 56. Rf2 Kg6 57. Rf1 Kg5 58. Rg1+ Kf5 59. Rd1 Ke5 60. Rd3 Qe1+ 61. Kb2 Qh4 62. Re3+ Kd5 63. Rd3+ Kc6 64. Rc3+ Kb6 65. Rd3 c6 66. Rc3 Qf6 67. b4 Kb5 68. Kb3 Qe6+ 69. Kb2 Qe5 70. Kb3 Qd5+ 71. Kb2 Qd4 72. Kb3 Qd5+ 73. Kb2 Ka4 74. Rc5 Qd4+ 75. Ka2 b6 76. Rh5 Qc4+ 77. Kb2 Qd4+ 78. Ka2 Qd2 79. Kb2 Qf4 0-1


[Site "https://www.chess.com"]

[Event "Titled Tuesday Blitz September 27 Early 2022"]
[White "Mikhailovsky, Vladimir"]
[Black "Martin Duque, Jesus"]
[WhiteFideId "34105414"]
[BlackFideId "2208954"]
[WhiteElo "2297"]
[BlackElo "2258"]
[Result "1-0"]
[Round "04"]
[TimeControl "180+1"]
[Date "2022.09.27"]
[WhiteClock "0:00:38"]
[BlackClock "0:00:56"]

1. e4 c5 2. Nf3 b6 3. c4 Bb7 4. Nc3 e6 5. g3 Nc6 6. Bg2 Nd4 7. O-O Ne7 8. Nxd4 cxd4 9. Ne2 Nc6 10. d3 Be7 11. f4 O-O 12. g4 a6 13. g5 b5 14. b3 f6 15. h4 Kh8 16. Ng3 Qc7 17. Qg4 b4 18. g6 Bd6 19. Qh5 h6 20. f5 Kg8 21. Bxh6 Bxg3 22. Bf4 Bh2+ 23. Bxh2 1-0


[Site "https://www.chess.com"]

[Event "Titled Tuesday Blitz September 27 Early 2022"]
[White "Miszler, Levente"]
[Black "Rama, Tejas"]
[WhiteFideId "763276"]
[BlackFideId "30907381"]
[WhiteElo "1966"]
[BlackElo "1513"]
[Result "1-0"]
[Round "04"]
[TimeControl "180+1"]
[Date "2022.09.27"]
[WhiteClock "0:00:04"]
[BlackClock "0:00:04"]

1. Nf3 Nf6 2. c4 e6 3. g3 d5 4. Bg2 c5 5. cxd5 Nxd5 6. O-O Nc6 7. d4 Nf6 8. e3 Be7 9. Nc3 O-O 10. dxc5 Bxc5 11. b3 Qe7 12. Bb2 Rd8 13. Qe2 e5 14. Na4 Bd6 15. Rfd1 Bg4 16. h3 Be6 17. Ng5 Bf5 18. Rac1 h6 19. Nf3 Rac8 20. Nc3 e4 21. Nd4 Nxd4 22. Rxd4 Be5 23. Rxd8+ Rxd8 24. g4 Bg6 25. Rd1 Rd3 26. Qc2 Qc7 27. Rc1 Qd7 28. Nb1 Kh7 29. Bxe5 Nd5 30. a3 h5 31. g5 Qf5 32. Bd4 Qxg5 33. Nc3 Nxc3 34. Bxc3 Bf5 35. Kh2 Rd6 36. Be5 Rg6 37. Rg1 Bxh3 38. Bg3 Bxg2 39. Rxg2 h4 40. Qxe4 hxg3+ 41. Rxg3 Qh5+ 42. Kg2 f5 43. Qf4 Rxg3+ 44. Qxg3 Qg6 45. Qxg6+ Kxg6 46. Kg3 Kf6 47. Kf4 g5+ 48. Kf3 Ke5 49. Kg3 Ke4 50. Kg2 f4 51. exf4 gxf4 52. Kg1 Kd3 53. Kg2 Kc3 54. Kf3 Kxb3 55. Kxf4 b5 56. Ke3 a5 57. f4 Kxa3 58. f5 b4 59. f6 b3 60. f7 b2 61. f8=Q+ Ka2 62. Qf7+ Ka3 63. Qb7 Ka2 64. Qf7+ Ka1 65. Qf6 Ka2 66. Qe6+ Ka1 67. Qe5 a4 68. Kd2 a3 69. Kc2 Ka2 70. Qd5+ Ka1 71. Qd4 Ka2 72. Qc4+ Ka1 73. Qf1+ b1=Q+ 74. Qxb1# 1-0


[Site "https://www.chess.com"]

[Event "Titled Tuesday Blitz September 27 Early 2022"]
[White "Mitrovic, Darko R"]
[Black "Maung, Maung Kyaw Zaw Hein"]
[WhiteFideId "927023"]
[BlackFideId "13001698"]
[WhiteElo "2150"]
[BlackElo "1785"]
[Result "0-1"]
[Round "04"]
[TimeControl "180+1"]
[Date "2022.09.27"]
[WhiteClock "0:00:01"]
[BlackClock "0:00:11"]

1. d4 d5 2. c4 c6 3. Nf3 Nf6 4. e3 Bf5 5. Bd3 Bg6 6. O-O e6 7. Nc3 Nbd7 8. Qc2 Bd6 9. e4 dxe4 10. Nxe4 Nxe4 11. Bxe4 O-O 12. Bxg6 hxg6 13. Be3 Rc8 14. Rad1 Qe7 15. b3 b6 16. h3 Rfe8 17. Qe2 e5 18. d5 c5 19. Ng5 Nf8 20. Ne4 f5 21. Bg5 Qd7 22. Nxd6 Qxd6 23. f3 Nh7 24. Bh4 Nf6 25. Bg3 f4 26. Bh4 Kf7 27. Rde1 Nd7 28. Qd3 Rh8 29. Bf2 Rce8 30. Re2 Re7 31. Be1 Rhe8 32. Bc3 Qf6 33. Rfe1 g5 34. Re4 g6 35. a3 Qf5 36. b4 Qf6 37. b5 Qd6 38. a4 Nf6 39. R4e2 Nd7 40. a5 Qf6 41. axb6 axb6 42. Ra2 Qf5 43. Qe4 Nf6 44. Qxf5 gxf5 45. Ra6 Nd7 46. Rea1 e4 47. Ra7 Kg6 48. R1a6 exf3 0-1


[Site "https://www.chess.com"]

[Event "Titled Tuesday Blitz September 27 Early 2022"]
[White "Moksh Amit Doshi"]
[Black "Ljukin, Sergei"]
[WhiteFideId "25064967"]
[BlackFideId "14102200"]
[WhiteElo "2245"]
[BlackElo "2312"]
[Result "1-0"]
[Round "04"]
[TimeControl "180+1"]
[Date "2022.09.27"]
[WhiteClock "0:00:14"]
[BlackClock "0:00:02"]

1. d4 d5 2. Nf3 Nf6 3. c4 c6 4. Nc3 dxc4 5. a4 Bf5 6. Ne5 Na6 7. f3 Nd7 8. Nxc4 e5 9. e4 exd4 10. Qxd4 Nb4 11. Ne3 Be6 12. Bc4 Bxc4 13. Qxc4 Ne5 14. Qb3 Nbd3+ 15. Ke2 Nf4+ 16. Kf2 Ned3+ 17. Kf1 Qh4 18. Qc2 Bc5 19. g3 Qh3+ 20. Ng2 Nf2 21. Bxf4 Nxh1 22. Nd5 cxd5 23. Qxc5 Qxh2 24. Qb5+ Kf8 25. exd5 Nxg3+ 26. Kf2 Nh1+ 27. Kf1 Qh3 28. Re1 h6 29. Qxb7 Rc8 30. d6 Kg8 31. d7 Rd8 32. Re8+ Kh7 33. Qe4+ g6 34. Rxh8+ 1-0


[Site "https://www.chess.com"]

[Event "Titled Tuesday Blitz September 27 Early 2022"]
[White "Molina, Roberto Junio Brito"]
[Black "Narayanan.S.L"]
[WhiteFideId "2109450"]
[BlackFideId "5058422"]
[WhiteElo "2403"]
[BlackElo "2504"]
[Result "0-1"]
[Round "04"]
[TimeControl "180+1"]
[Date "2022.09.27"]
[WhiteClock "0:00:03"]
[BlackClock "0:02:02"]

1. d4 Nf6 2. e3 g6 3. Nf3 Bg7 4. Be2 O-O 5. O-O d6 6. c4 Nbd7 7. b3 e5 8. Bb2 e4 9. Nfd2 Re8 10. Nc3 Nf8 11. Qc2 Bf5 12. Rae1 Ne6 13. Qb1 Nxd4 14. exd4 e3 15. Qd1 exd2 16. Qxd2 Ne4 17. Nxe4 Bxe4 18. d5 Bxb2 19. Qxb2 Qg5 20. g3 Bf5 21. Bf3 h5 22. h4 Qh6 23. Qf6 Qd2 24. Qa1 a5 25. Rd1 Qh6 26. Rfe1 Qg7 27. Qc1 a4 28. b4 Rxe1+ 29. Rxe1 a3 30. Re2 Qd4 31. Rd2 Qe5 32. Re2 Qd4 33. Rd2 Qf6 34. Bg2 b6 35. c5 bxc5 36. bxc5 Qe5 37. cxd6 cxd6 38. Bf3 Rb8 39. Re2 Qd4 40. Qxa3 Rb1+ 41. Kg2 Kg7 42. Qxd6 Qd1 43. Qe5+ Kh7 44. Qh8+ Kxh8 45. Re8+ Kg7 46. Bxd1 Rxd1 47. Re5 Rd2 48. a4 Ra2 49. d6 Rxa4 0-1


[Site "https://www.chess.com"]

[Event "Titled Tuesday Blitz September 27 Early 2022"]
[White "Narayanan, Srinath"]
[Black "Adewumi, Tanitoluwa"]
[WhiteFideId "5018420"]
[BlackFideId "30966396"]
[WhiteElo "2459"]
[BlackElo "2594"]
[Result "1-0"]
[Round "04"]
[TimeControl "180+1"]
[Date "2022.09.27"]
[WhiteClock "0:00:05"]
[BlackClock "0:00:01"]

1. d4 Nf6 2. c4 e6 3. Nf3 b6 4. g3 Ba6 5. b3 Bb4+ 6. Bd2 Be7 7. Bg2 O-O 8. O-O c6 9. Qc2 d5 10. a4 Nbd7 11. a5 b5 12. c5 b4 13. Bxb4 Qb8 14. Bc3 Qb5 15. Re1 Rab8 16. Nbd2 Rfe8 17. b4 Bf8 18. e4 dxe4 19. Nxe4 Nxe4 20. Rxe4 Nf6 21. Rh4 h6 22. Ne5 Nd5 23. Be4 f5 24. Bxd5 cxd5 25. Bd2 Be7 26. Rh3 Bf6 27. Bf4 Qxb4 28. Nd7 Qxd4 29. Rd1 Rb2 30. Nxf6+ Qxf6 31. Qc1 Be2 32. Re1 Bg4 33. Be5 Qg6 34. Rxh6 gxh6 35. Qxb2 Qh5 36. h4 Bf3 37. Qc3 Be4 38. c6 f4 39. Bxf4 Rc8 40. c7 e5 41. Bxe5 Qf5 42. Bf4 Qh3 43. f3 Bf5 44. Qf6 Bd7 45. Re7 1-0


[Site "https://www.chess.com"]

[Event "Titled Tuesday Blitz September 27 Early 2022"]
[White "Nguyen, Thien Ngan"]
[Black "Quispe Santacruz, Javier"]
[WhiteFideId "12414816"]
[BlackFideId "3800920"]
[WhiteElo "1873"]
[BlackElo "1930"]
[Result "1-0"]
[Round "04"]
[TimeControl "180+1"]
[Date "2022.09.27"]
[WhiteClock "0:00:42"]
[BlackClock "0:00:01"]

1. e4 e5 2. Nf3 Nc6 3. Bc4 Bc5 4. c3 Nf6 5. d4 exd4 6. e5 d5 7. Bb5 Ne4 8. cxd4 Bb6 9. Nc3 Bg4 10. h3 Bh5 11. Be3 O-O 12. Bxc6 bxc6 13. g4 Bg6 14. O-O f6 15. Nh4 Nxc3 16. bxc3 Bf7 17. Qd2 fxe5 18. Bg5 Qe8 19. Nf5 e4 20. Rae1 Be6 21. Ng3 Rf3 22. c4 Rd3 23. Qc2 Bxd4 24. Be3 Bxe3 25. fxe3 Qe7 26. Rf4 Qc5 27. Kf2 Rb8 28. Nxe4 dxe4 29. Rxe4 Rf8+ 30. Ke2 1-0


[Site "https://www.chess.com"]

[Event "Titled Tuesday Blitz September 27 Early 2022"]
[White "Niekras, Dawid"]
[Black "Raja Rithvik R"]
[WhiteFideId "1160451"]
[BlackFideId "35007394"]
[WhiteElo "2296"]
[BlackElo "2255"]
[Result "1/2-1/2"]
[Round "04"]
[TimeControl "180+1"]
[Date "2022.09.27"]
[WhiteClock "0:00:05"]
[BlackClock "0:00:09"]

1. e4 c5 2. Nf3 d6 3. Nc3 Nf6 4. e5 dxe5 5. Nxe5 e6 6. Bb5+ Nbd7 7. d4 a6 8. Bxd7+ Bxd7 9. Bg5 Be7 10. O-O Qc7 11. Nxd7 Qxd7 12. dxc5 Bxc5 13. Bxf6 Qxd1 14. Raxd1 gxf6 15. Ne4 Be7 16. Nd6+ Bxd6 17. Rxd6 Rc8 18. Rfd1 O-O 19. c3 Rc5 20. Rb6 Rc7 21. f4 Re8 22. Kf2 f5 23. Rdd6 Kg7 24. Ke3 Kf6 25. Kd4 Ke7 26. c4 Rg8 27. g3 h5 28. Kc3 h4 29. Rd3 hxg3 30. hxg3 Rgc8 31. b3 Rh8 32. Kb4 Rh2 33. a4 Re2 34. a5 f6 35. Rd1 Rh2 36. Rdd6 Re2 37. Rd1 Re3 38. Rh1 Kd7 39. Rh7+ Kc8 40. Rh8+ Kd7 41. Rb8 Rxg3 42. R8xb7 Rxb7 43. Rxb7+ Kc8 44. Rb6 e5 45. Rxf6 exf4 46. Rxf5 f3 47. Rf7 Kb8 48. Ka4 Rh3 49. b4 Rh4 50. Kb3 Rh3 51. Ka4 Rh4 52. c5 Rh3 53. c6 Rh6 54. Rxf3 Rxc6 55. Rf8+ Kb7 56. Rf7+ Rc7 57. Rxc7+ Kxc7 58. Kb3 Kd7 59. Kc3 Kc6 60. Kc4 Kd6 61. Kd4 Kc6 62. Kc4 Kd6 63. Kb3 Kc6 64. Kc3 Kb5 65. Kb3 Kc6 66. Kc4 1/2-1/2


[Site "https://www.chess.com"]

[Event "Titled Tuesday Blitz September 27 Early 2022"]
[White "Odegov, Artem"]
[Black "Madaminov, Mukhiddin"]
[WhiteFideId "34183644"]
[BlackFideId "14210703"]
[WhiteElo "2286"]
[BlackElo "2106"]
[Result "1-0"]
[Round "04"]
[TimeControl "180+1"]
[Date "2022.09.27"]
[WhiteClock "0:00:07"]
[BlackClock "0:00:01"]

1. d4 Nf6 2. c4 e6 3. Nf3 b6 4. g3 Ba6 5. b3 Bb4+ 6. Bd2 Be7 7. Bg2 c6 8. O-O d5 9. Ne5 O-O 10. Bc3 Bb7 11. Nd2 Nbd7 12. e4 Rc8 13. Qe2 Qc7 14. Nxd7 Nxd7 15. Rac1 dxc4 16. bxc4 e5 17. d5 Nc5 18. Nb3 Ba6 19. Nxc5 Bxc5 20. Rfd1 cxd5 21. exd5 Bd6 22. Bh3 Qxc4 23. Qe3 Rce8 24. Bd7 Re7 25. Bc6 Qxa2 26. Ra1 Qe2 27. Qxe2 Bxe2 28. Re1 Bd3 29. Re3 e4 30. Bd4 Rd8 31. h4 f5 32. h5 Kf7 33. h6 g5 34. Ree1 f4 35. Ra4 fxg3 36. fxg3 Bxg3 37. Rea1 Bb8 38. Be3 Kg6 39. R4a2 Bc4 40. Rf2 Bxd5 41. Rd1 Bxc6 42. Rxd8 Bg3 43. Rg8+ Kxh6 44. Bxg5+ Kh5 45. Bxe7 Bxf2+ 46. Kxf2 a5 47. Ke3 a4 48. Rb8 b5 49. Rb6 Be8 50. Re6 Kg4 51. Bb4 Bf7 52. Re5 Bc4 53. Rxe4+ Kg5 54. Re7 h5 55. Kf2 Kg4 56. Kg2 h4 57. Re4+ Kg5 58. Rd4 Be2 59. Kf2 Bc4 60. Be7+ Kf5 61. Rxh4 Ke6 62. Bb4 Kd5 63. Ke3 Ke5 64. Kd2 Kd5 65. Kc3 Ke5 66. Rh5+ Kf4 67. Kd4 Kf3 68. Rf5+ Kg4 69. Rf8 Kg3 70. Ke3 Kg4 71. Rf4+ Kg5 72. Be7+ Kg6 73. Ke4 Kg7 74. Ke5 Kg6 75. Rg4+ Kf7 76. Bb4 Bb3 77. Rg3 Bc4 78. Bc3 a3 79. Bb4 a2 80. Ra3 Kg6 81. Rg3+ Kf7 82. Bc3 Ke7 83. Bb2 Kf7 84. Kd6 Be6 85. Rg7+ Kf8 86. Kxe6 1-0


[Site "https://www.chess.com"]

[Event "Titled Tuesday Blitz September 27 Early 2022"]
[White "Orlov, Georgi"]
[Black "Chernomordik, Pavel"]
[WhiteFideId "2011271"]
[BlackFideId "2804530"]
[WhiteElo "2590"]
[BlackElo "2217"]
[Result "0-1"]
[Round "04"]
[TimeControl "180+1"]
[Date "2022.09.27"]
[WhiteClock "0:00:49"]
[BlackClock "0:01:14"]

1. d4 g6 2. Nf3 Bg7 3. c4 d6 4. g3 Nf6 5. Nc3 O-O 6. Bg2 c6 7. O-O a6 8. e4 Nfd7 9. Bg5 b5 10. cxb5 axb5 11. a3 Nb6 12. Qe2 b4 13. axb4 Ba6 14. b5 cxb5 15. b4 Nc6 16. e5 Nc4 17. Rfd1 f6 18. exf6 exf6 19. Qe6+ Kh8 20. Bf4 Nxb4 21. Nh4 Bc8 22. Ra7 Bxe6 0-1


[Site "https://www.chess.com"]

[Event "Titled Tuesday Blitz September 27 Early 2022"]
[White "Ovezdurdyyeva, Jemal"]
[Black "Mangialardo, Tiago Carvalho"]
[WhiteFideId "14001888"]
[BlackFideId "2130718"]
[WhiteElo "1946"]
[BlackElo "2021"]
[Result "1-0"]
[Round "04"]
[TimeControl "180+1"]
[Date "2022.09.27"]
[WhiteClock "0:00:27"]
[BlackClock "0:00:02"]

1. e4 e5 2. Nf3 Nc6 3. Bc4 Bc5 4. O-O Nf6 5. d3 d6 6. c3 O-O 7. b4 Bb6 8. a4 a6 9. h3 h6 10. Na3 Qe7 11. Re1 Be6 12. Rb1 Rfe8 13. Nh4 d5 14. exd5 Nxd5 15. Bxd5 Qxh4 16. Bxe6 Bxf2+ 17. Kh1 Rxe6 18. Re4 Qg3 19. Rg4 Qxg4 20. Qxg4 Rg6 21. Qf3 Bh4 22. Be3 Rd8 23. Qe4 Bf6 24. Nc4 Ne7 25. Nxe5 1-0


[Site "https://www.chess.com"]

[Event "Titled Tuesday Blitz September 27 Early 2022"]
[White "Ozates, Tuna"]
[Black "Dardha, Daniel"]
[WhiteFideId "6354521"]
[BlackFideId "240990"]
[WhiteElo "1887"]
[BlackElo "2528"]
[Result "0-1"]
[Round "04"]
[TimeControl "180+1"]
[Date "2022.09.27"]
[WhiteClock "0:01:40"]
[BlackClock "0:01:46"]

1. e4 e5 2. Nf3 Nc6 3. Bc4 Bc5 4. c3 Qf6 5. d3 Nge7 6. Bg5 Qg6 7. h4 h6 8. h5 Qh7 9. Bh4 d6 10. b4 Bb6 11. a4 a5 12. b5 Nb8 13. Bxe7 Kxe7 14. Nh4 g5 15. hxg6 fxg6 16. Qf3 Rf8 17. Qg3 Bxf2+ 18. Qxf2 Rxf2 19. Kxf2 Nd7 20. Nd2 Nf6 21. Raf1 g5 22. Nhf3 Qg7 23. Ke2 Bg4 24. Rf2 Rf8 25. Nf1 Nh5 26. Ne3 Ng3+ 0-1


[Site "https://www.chess.com"]